 Dungeon Crawl Stone Soup version 0.27.1-2-g3b301248ec (webtiles) character file.

Game seed: 15942185603587176422

4 Dexcius the Sneak (level 1, -2/15 HPs)
             Began as a Naga Enchanter on Sept 26, 2021.
             Slain by a hobgoblin (4 damage)
             ... on level 1 of the Dungeon.
             The game lasted 00:04:33 (450 turns).

Dexcius the Sneak (Naga Enchanter)                   Turns: 450, Time: 00:04:34

Health: -2/15      AC:  1    Str: 10    XL:     1   Next: 70%
Magic:  2/3        EV: 10    Int: 15    God:
Gold:   18         SH:  0    Dex: 11    Spells: 3/4 levels left

rFire    . . .     SeeInvis +   a - +1 dagger
rCold    . . .     Faith    .   (no shield)
rNeg     . . .     Spirit   .   b - +0 robe
rPois    +         Reflect  .   (no helmet)
rElec    .         Harm     .   (no cloak)
rCorr    .         Rampage  .   (no gloves)
Will     .....                  (no barding)
Stlth    ++........             (no amulet)
HPRegen  0.05/turn              (no ring)
MPRegen  0.08/turn              (no ring)

@: very slow
A: AC +0, large, see invisible, deformed body, poison resistance, slowness 2,
spit poison 1, naga tail 1
a: Spit Poison


You were on level 1 of the Dungeon.
You visited 1 branch of the dungeon, and saw 1 of its levels.

You collected 18 gold pieces.

Inventory:

Hand Weapons
 a - a +1 dagger (weapon)
Armour
 b - a +0 robe (worn)


   Skills:
 + Level 1.0 Short Blades
 + Level 1.7 Dodging
 + Level 4.5 Stealth
 + Level 2.2 Spellcasting
 + Level 3.0 Hexes


You had 3 spell levels left.
You knew the following spells:

 Your Spells              Type           Power      Damage    Failure   Level
a - Corona                Hex            11%        N/A       6%          1

Your spell library contained the following spells:

 Spells                   Type           Power      Damage    Failure   Level
 Ensorcelled Hibernation  Hex/Ice        12%        N/A       19%         2
 Confusing Touch          Hex            10%        N/A       19%         3
 Tukima's Dance           Hex            10%        N/A       19%         3
 Dazzling Flash           Conj/Hex       12%        N/A       34%         3


Dungeon Overview and Level Annotations

Branches:
Dungeon (1/15)

Altars:


Innate Abilities, Weirdness & Mutations

Your serpentine skin is tough. (AC +0)
You have supernaturally acute eyesight. (SInv)
Armour fits poorly on your strangely shaped body.
Your system is resistant to poisons. (rPois)
You cover ground very slowly.
You can spit poison.
You have a snake-like lower body.


Message History

The bat hits you.
You completely miss the bat.
The bat is moderately wounded.
The bat barely misses you.
You enter the shallow water.
Moving in this stuff is going to be slow.
The bat hits you but does no damage. x2; The bat barely misses you.
You barely miss the bat.
The bat is moderately wounded.
The bat hits you. The bat barely misses you. The bat hits you.
You closely miss the bat.
The bat is moderately wounded.
The bat hits you but does no damage. The bat barely misses you.
Press: ? - help, Shift-Dir - straight line, f/p - hobgoblin
Aim: a hobgoblin The splash of poison misses the hobgoblin.
The bat hits you.
Casting: Corona (safe; 6% risk of failure)
Confirm with . or Enter, or press ? or * to list all spells.
Aiming: Corona (safe; 6% risk of failure)
Press: ? - help, Shift-Dir - straight line, f/p - hobgoblin
Aim: a hobgoblin (chance to affect: 63%)
The hobgoblin is outlined in light.
The bat closely misses you. The hobgoblin closely misses you.
The bat barely misses you.
You hit the hobgoblin.
The hobgoblin is moderately wounded.
The bat barely misses you. The bat hits you but does no damage.
The hobgoblin hits you.
You hit the hobgoblin.
The hobgoblin is severely wounded.
The bat hits you but does no damage. The hobgoblin hits you.
* * * LOW HITPOINT WARNING * * *
You hit the hobgoblin.
The hobgoblin is almost dead.
You have got your breath back.
The bat hits you.
* * * LOW HITPOINT WARNING * * *
The hobgoblin hits you.
You die...

≈P♣♣♣ ##♣≈≈≈P♣ #≈≈≈≈≈≈♣♣♣
##♣≈≈P≈≈≈≈≈♣ ##########
##≈≈≈≈≈≈≈≈≈≈≈ .........#
##≈P≈≈PP≈≈≈≈≈≈ ########.#
##.≈≈PP≈≈≈≈≈≈≈≈ # ##.#
#....≈≈≈≈≈≈≈≈≈≈
#######..####...@g........
..........###.P.b≈≈≈≈≈≈≈≈≈
............†≈≈.≈≈P≈≈≈≈≈≈≈
..#####.#.##≈♣≈.P≈≈≈♣♣♣P≈≈
#######)#..♣♣≈≈.≈≈≈♣♣ ♣≈
......#)###♣♣≈≈.≈≈≈♣
......#.# ♣≈≈.≈≈≈♣
..⌠...#.# ≈P≈.≈PP≈.
.....##.# #≈♣≈.≈≈♣..


You could see a hobgoblin (corona) and a bat.

Vanquished Creatures
  2 goblins (D:1)
  A ball python (D:1)
  A kobold (D:1)
  A rat (D:1)
5 creatures vanquished.

Vanquished Creatures (others)
  2 plants (D:1)
2 creatures vanquished.

Grand Total: 7 creatures vanquished

Notes
Turn   | Place    | Note
-------+----------+-------------------------------------------
     0 | D:1      | Dexcius the Naga Enchanter began the quest for the Orb.
     0 | D:1      | Reached XP level 1. HP: 15/15 MP: 3/3
   450 | D:1      | Slain by a hobgoblin

Illustrated notes

Levels and vault maps discovered:
D:1:      giann_wishing_wells, layout_loops_ring, serial_shops,
          nicolae_shop_trees, serial_bayou_lagoon_b

Action                   || total
-------------------------++-------
Melee: Dagger            ||    23
 Cast: Corona            ||     6
 Abil: Spit Poison       ||     2
Armor: Robe              ||     7
Dodge: Dodged            ||    13
